Map: Cyber Forest LE

Players

llIlIllIllII (Stephano)

  • Race: Zerg Zerg
  • League: Grandmaster
  • Spawn Location: 5:00

IIIIIIIIIIII - Winner!

  • Race: Terran Terran
  • League: Master
  • Spawn Location: 11:00

VOD

Have the link to the VOD?

Description

Time

  • Played on: Feb. 6, 2019, 1:14 p.m.
  • Length: 17:23
Show
View Real Time Build Order
Export as new Build Order

llIlIllIllII Zerg 

Build Orders: Hatch First 

Get SALT Encoding   

  12  0:00  Drone  
  13  0:15  Overlord  
  13  0:19  Drone  
  14  0:33  Drone x2  
  16  0:50  Hatchery  
  16  0:54  Drone  
  16  0:57  Drone  
  17  1:00  Drone  
  18  1:11  Extractor  
  18  1:16  Spawning Pool  
  16  1:19  Drone  
  16  1:23  Drone  
  18  1:30  Drone  
  19  1:41  Drone  
  20  1:52  Drone  
  21  2:03  Queen x2  
  21  2:04  Zergling x4  
  27  2:13  Overlord  
  27  2:15  Drone  
  28  2:24  Hatchery  
  28  2:29  Drone  
  28  2:34  Drone  
  28  2:36  Drone  
  30  2:37  Spore Crawler  
  30  2:43  Queen  
  32  2:51  Overlord  
  32  2:55  Metabolic Boost  
  32  2:56  Drone x2  
  34  3:02  Drone  
  34  3:03  Drone  
  36  3:11  Drone x2  
  38  3:14  Drone  
  39  3:20  Drone x2  
  39  3:21  Drone  
  39  3:22  Queen  
  44  3:27  Overlord  
  44  3:35  Queen  
  44  3:36  Zergling x2  
  44  3:37  Zergling x4  
  49  3:42  Drone  
  50  3:50  Drone x5  
  50  3:53  Drone x2  
  57  4:01  Drone  
  57  4:02  Overlord x2  
  58  4:08  Overlord  
  58  4:09  Spore Crawler  
  57  4:12  Overlord  
  57  4:17  Drone  
  58  4:19  Queen  
  58  4:21  Drone x4  
  64  4:26  Spore Crawler  
  64  4:31  Drone x3  
  65  4:36  Drone x3  
  69  4:38  Evolution Chamber x2  
  69  4:39  Drone  
  69  4:40  Overlord  
  69  4:43  Queen  
  70  4:49  Overlord  
  70  4:55  Zergling x2  
  70  4:56  Zergling x6  
  70  4:58  Overlord  
  74  5:02  Spore Crawler  
  74  5:03  Extractor, Overlord  
  74  5:04  Extractor  
  74  5:06  Overlord  
  71  5:15  Overlord  
  71  5:17  Zerg Ground Armor Level 1, Zerg Melee Weapons Level 1  
  71  5:21  Drone x2  
  71  5:22  Drone x2  
  71  5:25  Drone x8  
  83  5:38  Drone x5  
  88  5:43  Drone x4  
  88  5:45  Drone  
  88  5:47  Hatchery  
  92  5:53  Extractor  
  91  5:57  Drone x3  
  91  6:01  Lair  
  91  6:04  Baneling Nest  
  93  6:06  Overlord x2, Zergling x2  
  94  6:16  Zergling x6  
  96  6:28  Zergling x6  
  98  6:34  Extractor  
  98  6:36  Zergling x16  
  105  6:48  Baneling x7  
  105  6:49  Baneling x2  
  105  6:53  Drone  
  106  6:57  Zergling x10  
  99  7:09  Zergling x2  
  99  7:10  Zergling x16  
  99  7:14  Zergling x12  
  104  7:20  Zergling x4  
  103  7:25  Zergling x4  
  103  7:28  Zergling x2  
  97  7:31  Baneling  
  97  7:32  Zerg Ground Armor Level 2, Baneling x7, Zerg Melee Weapons Level 2  
  97  7:34  Zergling x10  
  99  7:37  Zergling x2  
  99  7:41  Centrifical Hooks  
  99  7:44  Hydralisk Den  
  98  7:45  Infestation Pit  
  98  7:47  Zergling x8  
  102  7:53  Hatchery  
  102  7:55  Zergling x6  
  104  8:05  Overlord  
  104  8:06  Overlord  
  104  8:07  Zergling x16  
  104  8:08  Baneling x4  
  104  8:09  Baneling x5  
  112  8:18  Zergling x8  
  112  8:20  Baneling x17  
  112  8:25  Zergling x4  
  111  8:29  Zergling x2  
  111  8:30  Zergling x12  
  111  8:32  Zergling x4  
  119  8:38  Extractor  
  119  8:39  Zergling x6  
  119  8:48  Zergling x6  
  110  8:53  Muscular Augments  
  110  8:59  Hydralisk x6  
  119  9:12  Hydralisk  
  119  9:13  Hydralisk x4  
  119  9:16  Hydralisk  
  127  9:21  Hydralisk x3  
  127  9:22  Overlord x3  
  125  9:27  Extractor  
  125  9:28  Extractor  
  123  9:33  Overlord  
  123  9:38  Overlord x2  
  123  9:40  Hive, Zergling x16  
  123  9:41  Zergling x6  
  134  9:52  Zergling x8  
  138  10:01  Drone x3  
  138  10:02  Drone x3  
  140  10:08  Hydralisk x7  
  154  10:15  Hydralisk  
  154  10:16  Hydralisk x2  
  157  10:26  Grooved Spines  
  157  10:28  Hydralisk x6  
  165  10:38  Hydralisk x5  
  175  10:44  Overlord x3  
  175  10:56  Zerg Ground Armor Level 3  
  173  11:11  Zergling x18  
  179  11:12  Zergling x2  
  181  11:21  Hatchery  
  178  11:26  Zerg Missile Weapons Level 1  
  178  11:27  Zergling x2  
  178  11:28  Zergling x18  
  188  11:37  Baneling x9  
  187  11:49  Zergling x22  
  198  11:55  Hatchery  
  196  12:10  Baneling x13  
  196  12:22  Zergling x12  
  191  12:37  Adrenal Glands  
  191  12:49  Queen  
  190  13:15  Hatchery, Zergling x40  
  198  13:20  Baneling x16  
  198  13:30  Zerg Melee Weapons Level 3  
  198  13:31  Zergling x2  
  198  13:33  Zerg Missile Weapons Level 2  
  199  13:38  Baneling x15  
  198  13:53  Zergling x10  
  191  14:24  Zergling x6  
  191  14:25  Zergling x12  
  176  14:56  Zergling x2  
  176  14:57  Zergling x44  
  154  15:11  Hydralisk x9  
  157  15:19  Hydralisk x7  
  151  15:28  Hydralisk  
  151  15:29  Hydralisk x2  
  151  15:32  Zergling x2  
  151  15:33  Zergling x4  
  142  15:37  Queen, Zergling x8  
  142  15:41  Viper x3  
  157  15:45  Baneling x6  
  157  15:46  Baneling x16  
  157  15:47  Zergling x8  
  160  15:58  Zergling x16  
  152  16:11  Zergling x16  
  143  16:12  Baneling  
  143  16:13  Baneling x4  
  143  16:15  Zergling x2  
  143  16:16  Zergling x2  
  143  16:17  Zergling x2  
  146  16:26  Zergling x2  
  146  16:27  Zergling x12  
  148  16:35  Baneling x11  
  148  16:37  Zergling x2  
  144  16:43  Baneling Nest  
  111  16:56  Zergling x18  
  111  16:57  Zergling x4  
  100  17:06  Zergling x2  
Show
View Real Time Build Order
Export as new Build Order

IIIIIIIIIIII Terran - Winner!

Build Orders: Hellion Opening, Reaper Expand 

Get SALT Encoding   

  12  0:00  SCV  
  13  0:13  SCV  
  14  0:17  Supply Depot  
  14  0:25  SCV  
  15  0:38  SCV  
  15  0:40  Barracks  
  16  0:44  Refinery  
  16  0:51  SCV  
  17  1:03  SCV  
  18  1:15  SCV  
  19  1:28  Reaper  
  19  1:29  Orbital Command  
  20  1:40  Command Center  
  20  1:49  Supply Depot  
  20  1:54  SCV  
  20  2:00  Marine  
  22  2:06  SCV  
  23  2:09  Factory  
  23  2:13  Refinery  
  23  2:18  SCV  
  23  2:21  Barracks Reactor  
  24  2:31  SCV  
  25  2:43  SCV  
  26  2:55  SCV  
  27  3:00  Starport, Orbital Command  
  27  3:03  Hellion x2  
  31  3:07  Marine, SCV  
  33  3:18  Supply Depot  
  33  3:19  SCV  
  34  3:26  SCV  
  35  3:28  Hellion x2  
  35  3:31  SCV  
  40  3:36  Viking  
  40  3:37  Barracks Tech Lab  
  40  3:38  SCV  
  43  3:43  Supply Depot, SCV  
  44  3:50  SCV  
  44  3:52  Hellion x2  
  50  3:55  SCV  
  50  4:01  Marine, Stimpack  
  51  4:03  SCV  
  51  4:09  Starport Reactor  
  52  4:10  SCV  
  52  4:15  SCV  
  54  4:18  Marine  
  54  4:22  SCV  
  56  4:25  Factory Tech Lab  
  56  4:27  Command Center  
  56  4:28  SCV  
  57  4:34  SCV  
  57  4:36  Barracks  
  57  4:37  Barracks  
  58  4:38  Marine  
  58  4:39  Supply Depot  
  58  4:40  SCV  
  60  4:47  SCV  
  60  4:52  SCV  
  62  4:53  Engineering Bay  
  62  4:56  Engineering Bay  
  62  5:01  Siege Tank  
  62  5:03  Starport Reactor, Supply Depot  
  62  5:04  SCV x2  
  62  5:07  Marine  
  67  5:13  Refinery  
  68  5:15  Refinery  
  68  5:16  SCV x2  
  70  5:24  Marine x3  
  70  5:27  Terran Infantry Weapons Level 1, Terran Infantry Armor Level 1  
  73  5:31  SCV x2  
  76  5:37  Siege Tank  
  76  5:42  Marine  
  77  5:43  Orbital Command  
  77  5:45  Marine x2  
  77  5:46  Supply Depot, Medivac  
  77  5:48  Medivac  
  77  5:49  Marine  
  84  5:50  Marine  
  84  6:00  Marine  
  84  6:02  SCV x2  
  84  6:03  Marine  
  88  6:04  Orbital Command  
  88  6:05  Combat Shield, Barracks x2  
  88  6:14  SCV x2  
  88  6:15  Marine x3  
  88  6:18  Marine  
  94  6:20  Marine  
  93  6:31  SCV x2  
  93  6:33  Marine x3  
  93  6:34  SCV  
  93  6:37  Supply Depot, Marine  
  93  6:38  Supply Depot, Siege Tank  
  101  6:40  Marine  
  101  6:42  Armory  
  101  6:43  SCV x2  
  101  6:46  SCV  
  105  6:51  Marine x3  
  105  6:53  Supply Depot  
  108  6:55  Supply Depot, Marine  
  108  6:59  Marine, SCV x2  
  108  7:00  SCV  
  115  7:08  Marine  
  115  7:09  Barracks Reactor x2  
  115  7:10  Marine x2  
  115  7:11  SCV  
  115  7:13  SCV  
  115  7:14  Marine, SCV  
  116  7:16  Marine  
  112  7:26  Marine  
  112  7:27  Marine, Refinery  
  112  7:28  Marine  
  112  7:32  Marine  
  112  7:34  Marine, Factory  
  112  7:35  Terran Infantry Weapons Level 2, Terran Infantry Armor Level 2  
  108  7:39  Terran Vehicle And Ship Armor Level 1  
  108  7:44  Marine, Medivac x2  
  108  7:45  Marine x2  
  108  7:47  Marine x4  
  108  7:50  Marine, SCV, Refinery  
  108  7:51  SCV  
  122  7:52  Marine, SCV  
  124  8:00  Supply Depot  
  124  8:02  Marine  
  124  8:03  Marine x2, Siege Tank  
  124  8:04  Marine x2  
  124  8:05  Marine x2  
  132  8:06  Supply Depot  
  132  8:07  Marine  
  132  8:09  SCV x3  
  132  8:10  Marine  
  139  8:13  Supply Depot  
  139  8:23  Medivac x2  
  139  8:24  Marine  
  139  8:25  Marine x5  
  149  8:28  Marine x2  
  149  8:29  Factory Tech Lab  
  149  8:31  Marine  
  149  8:32  Supply Depot  
  148  8:42  Marine x2  
  148  8:43  Marine x4  
  148  8:46  Marine x2  
  154  8:48  Marine  
  154  8:49  Siege Tank x2  
  155  8:55  Command Center  
  155  9:00  Marine x3, Medivac x2  
  155  9:01  Marine x2  
  164  9:05  Marine x2  
  164  9:06  Sensor Tower  
  158  9:12  SCV  
  158  9:13  SCV x2  
  143  9:18  Marine  
  139  9:24  SCV  
  139  9:25  SCV x2  
  139  9:26  Siege Tank x2  
  148  9:37  SCV x3  
  151  9:39  Medivac x2  
  151  9:42  Marine x2  
  157  9:49  Supply Depot  
  157  9:51  Supply Depot, Terran Infantry Weapons Level 3  
  157  10:07  Marine x2, Siege Tank  
  157  10:11  SCV x3  
  165  10:14  Marine x2  
  165  10:16  Barracks x2  
  165  10:17  Barracks  
  167  10:22  Siege Tank  
  167  10:23  Marine x4  
  167  10:25  Terran Infantry Armor Level 3  
  167  10:27  SCV x3  
  161  10:34  Marine x2  
  163  10:36  Marine x2  
  163  10:37  Planetary Fortress  
  165  10:44  Sensor Tower  
  165  10:45  Marine x2  
  165  10:46  SCV  
  165  10:47  SCV x2  
  170  10:57  Marauder  
  170  10:58  Siege Tank x2  
  170  10:59  Medivac  
  180  11:07  Terran Vehicle And Ship Armor Level 2  
  180  11:09  Barracks Tech Lab  
  180  11:10  Barracks Tech Lab x2  
  177  11:12  Refinery  
  177  11:14  Refinery  
  168  11:31  Sensor Tower  
  168  11:33  Command Center x2  
  174  11:46  Marauder x4  
  172  11:49  Concussive Shells  
  172  11:52  Supply Depot  
  172  11:53  Supply Depot  
  172  11:55  Marine x2  
  172  11:57  Marine x2  
  172  11:59  Marine x2  
  178  12:07  Command Center  
  178  12:17  Fusion Core  
  178  12:21  Marauder x4  
  178  12:22  Marine x2  
  181  12:26  Starport  
  181  12:27  Starport  
  181  12:29  Marine x2  
  180  12:35  Thor x2  
  192  12:46  Orbital Command x2  
  192  13:00  Marine x4  
  192  13:01  Marine x2  
  192  13:02  Marine x2  
  200  13:12  Marine  
  199  13:16  Marine x2  
  199  13:17  Marine  
  199  13:19  Medivac  
  189  13:20  Medivac  
  189  13:21  Marine x2  
  189  13:22  Starport Reactor  
  189  13:23  Starport Tech Lab  
  193  13:31  Command Center  
  193  13:32  Marine x2  
  195  13:44  Terran Vehicle Weapons Level 1, Liberator x3  
  195  13:49  Factory  
  195  13:50  Factory  
  189  14:00  Marine x2  
  189  14:01  Advanced Ballistics  
  200  14:16  Neosteel Armor, Hi-Sec Auto Tracking  
  186  14:24  Armory  
  185  14:35  Factory Tech Lab  
  185  14:36  Factory Tech Lab  
  184  14:39  Ghost Academy  
  184  14:51  Marine x2  
  174  14:53  Siege Tank x2  
  174  14:54  Siege Tank x2  
  174  14:55  Marine, Marauder x2  
  174  14:56  Marine x3, Marauder x2  
  174  14:57  Marine x2  
  165  15:08  Marine  
  165  15:09  Marine  
  165  15:13  Marine x2  
  165  15:14  Marine x3  
  160  15:16  Marauder  
  160  15:17  Marauder  
  167  15:22  Command Center  
  167  15:23  Command Center  
  167  15:25  Siege Tank x2  
  167  15:27  Siege Tank  
  171  15:30  Marine x2  
  171  15:33  Marine  
  171  15:34  Marine  
  160  15:36  Marine  
  160  15:41  Marine x2  
  160  15:42  Marine  
  164  15:44  Medivac  
  164  15:47  Marine  
  164  15:48  Marine  
  164  15:49  Marine  
  169  15:51  Marine x2  
  169  15:53  Marine  
  169  15:54  Marine  
  170  15:57  Marine  
  170  15:59  Marine x2  
  167  16:06  Marine x4  
  167  16:09  Marine  
  143  16:11  Siege Tank  
  143  16:13  Siege Tank  
  143  16:15  Siege Tank  
  143  16:16  Marine x3  
  143  16:17  Marauder x2  
  157  16:20  Marine  
  157  16:21  Marine  
  157  16:24  Marauder  
  157  16:25  Marine  
  161  16:26  Marine x3  
  163  16:34  Marine x3  
  163  16:38  Marine x4  
  168  16:43  Marine  
  168  16:44  Marine, Siege Tank  
  168  16:45  Marine, Siege Tank  
  168  16:46  Marine x2  
  176  16:47  Siege Tank  
  176  16:52  Marine x3  
  164  16:55  Marine  
  164  16:56  Marine x2  
  164  16:58  Marine  
  164  17:01  Marine  
  145  17:02  Marine  
  145  17:03  Marine  
  145  17:04  Marine  
  145  17:05  Marine  
Tags
 
Add a new tag
Caveats
  • Supply blocks, unpowered buildings, or Contaminate may cause inaccurate times.
  • Supply counts are checked every 10 seconds.